 Dungeon Crawl Stone Soup version 0.18-a0-1284-g43455fe (webtiles) character file.

911 RedPan the Blocker (level 8, -1/58 HPs)
             Began as a Formicid Fighter on Feb 8, 2016.
             Slain by Menkaure (16 damage)
             ... on level 5 of the Dungeon.
             The game lasted 00:12:58 (5300 turns).

RedPan the Blocker (Formicid Fighter)               Turns: 5300, Time: 00:12:58

Health: -1/58      AC: 10    Str: 22    XL:     8   Next: 30%
Magic:  8/8        EV:  7    Int:  9    God:
Gold:   150        SH: 11    Dex: 10    Spells: 0 memorised, 7 levels left

rFire  . . .     SeeInvis +     a - +0 flail
rCold  . . .     Gourm    .     w - +1 chain mail
rNeg   . . .     Faith    .     c - +0 shield
rPois  .         Spirit   .     (helmet unavailable)
rElec  .         Dismiss  .     (no cloak)
rCorr  .         Reflect  .     (no gloves)
SustAt .         Harm     .     (no boots)
MR     .....                    p - amulet of regeneration
Stlth  ..........               (no ring)
                                h - ring of teleportation (curse)

@: not resistant to hostile enchantments, extremely unstealthy
A: permanent stasis, dig shafts and tunnels, four strong arms, antennae 3
a: Dig, Shaft Self


You were on level 5 of the Dungeon.
You were hungry.

You visited 1 branch of the dungeon, and saw 5 of its levels.
You also visited: Sewer.

You collected 150 gold pieces.

Inventory:

Hand Weapons
 a - a +0 flail (weapon)
Armour
 b - a +0 scale mail
 c - a +0 shield (worn)
 d - a +0 leather armour of fire resistance
 w - a +1 chain mail (worn)
Jewellery
 h - a cursed ring of teleportation (left hand)
 p - an amulet of regeneration (around neck)
 u - an uncursed amulet of dismissal
Scrolls
 i - a scroll of magic mapping
 q - a scroll of amnesia
Potions
 e - a potion of ambrosia
 g - 3 potions of curing
 j - 2 potions of brilliance
 k - a potion of magic
 m - a potion of cure mutation
 n - a potion of agility {unknown}
 o - a potion of mutation {unknown}
 v - a potion of flight
 A - a potion of invisibility {unknown}
 B - a potion of heal wounds {unknown}
Books
 x - a book of the Warp

   Spells                             Type                      Level
   a - Recall                         Summoning/Translocation      3
   b - Gell's Gravitas                Hexes/Translocation          3
   c - Force Lance                    Conjuration/Translocation    4
   d - Phase Shift                    Translocation                5
   e - Warp Weapon                    Charms/Translocation         5
   f - Summon Forest                  Summoning/Translocation      5
Comestibles
 f - 4 bread rations
 l - a slice of pizza
 r - a beef jerky
 t - 4 chunks of flesh
 z - 2 meat rations


   Skills:
 - Level 3.2 Fighting
 + Level 6.6 Maces & Flails
 - Level 3.2 Armour
 + Level 8.3 Shields


You had 7 spell levels left.
You didn't know any spells.

Dungeon Overview and Level Annotations

Branches:
Dungeon (5/15)
 Temple: D:4-7

Altars:
Ashenzari
Cheibriados
Elyvilon
Gozag
Ru
Sif Muna
Yredelemnul

Annotations:
D:5 Menkaure


Innate Abilities, Weirdness & Mutations

You are under a permanent stasis effect.
You can dig through walls and to a lower floor.
Your four strong arms can wield two-handed weapons with a shield.
You have a pair of large antennae on your head (SInv).


Message History

Menkaure casts a spell at you.
You struggle to resist.
Menkaure hits you!
You hit Menkaure but do no damage. Menkaure hits you!
You barely miss Menkaure. You block Menkaure's attack.
Drink which item? (? for menu, Esc to quit)
Okay, then.
You barely miss Menkaure.
Menkaure calls on the powers of darkness!
Your body is wracked with pain!
* * * LOW HITPOINT WARNING * * *
You block Menkaure's attack.
You sock Menkaure!
Menkaure is heavily damaged.
You are feeling hungry.
Menkaure hits you.
* * * LOW HITPOINT WARNING * * *
You hit Menkaure but do no damage.
Menkaure is heavily damaged.
Menkaure hits you!
You die...

.######.#....#.# ..#
.# #........ ..<###
.### #..#.....#......
..<####...#####.......
.....)))......#.......
.######.#####.#......
## #....##.#.....#
#######.#######
#...@M..# #######....#
###


You could see Menkaure.

Vanquished Creatures
  An ice beast (D:5)
  An ogre (D:4)
  A big kobold (Sewer)
  A scorpion (D:4)
  A hound (D:4)
  2 orc wizards (D:4)
  4 orc priests
  An iguana (D:3)
  A worker ant (D:4)
  3 gnolls (D:5)
  6 adders
  4 river rats
  2 oozes
  An adder skeleton (D:4)
  7 worms
  4 giant geckos
  15 orcs
  6 giant cockroaches
  7 goblins
  12 hobgoblins
  3 jackals
  11 kobolds
  A quokka (D:4)
  A ball python (D:1)
  9 bats
  2 giant newts (D:1)
  11 rats
  A spectral orc (D:4)
119 creatures vanquished.

Vanquished Creatures (others)
  Eustachio (D:4)
1 creature vanquished.

Grand Total: 120 creatures vanquished

Notes
Turn   | Place    | Note
--------------------------------------------------------------
     0 | D:1      | RedPan the Formicid Fighter began the quest for the Orb.
     0 | D:1      | Reached XP level 1. HP: 18/18 MP: 1/1
    59 | D:1      | Reached XP level 2. HP: 8/24 MP: 2/2
    61 | D:1      | Reached skill level 4 in Shields
   408 | D:1      | Found a shattered altar of Ashenzari.
   522 | D:1      | Reached XP level 3. HP: 29/29 MP: 3/3
  1065 | D:2      | Found a deep blue altar of Sif Muna.
  1171 | D:2      | Reached XP level 4. HP: 25/35 MP: 4/4
  1348 | D:2      | Found a faded altar to an unknown god.
  1830 | D:2      | Found a sacrificial altar of Ru.
  2109 | D:2      | Reached skill level 5 in Shields
  2140 | D:2      | Found an opulent altar of Gozag.
  2146 | D:2      | Found a white marble altar of Elyvilon.
  2193 | D:3      | Reached XP level 5. HP: 7/41 MP: 5/5
  2790 | D:3      | Reached XP level 6. HP: 47/47 MP: 6/6
  3061 | D:3      | Found a snail-covered altar of Cheibriados.
  3326 | D:4      | Reached skill level 6 in Shields
  3386 | D:4      | Found a glowing drain.
  3390 | Sewer    | Entered a sewer
  3548 | Sewer    | Reached skill level 5 in Maces & Flails
  3591 | Sewer    | Found a white marble altar of Elyvilon.
  3852 | D:4      | Noticed an ogre
  3887 | D:4      | Killed an ogre
  3887 | D:4      | Reached XP level 7. HP: 37/52 MP: 7/7
  3958 | D:4      | Reached skill level 7 in Shields
  4197 | D:4      | Found a basalt altar of Yredelemnul.
  4907 | D:4      | Noticed Eustachio
  4956 | D:4      | Killed Eustachio
  4956 | D:4      | Reached XP level 8. HP: 47/58 MP: 8/8
  5129 | D:5      | Entered Level 5 of the Dungeon
  5149 | D:4      | Reached skill level 8 in Shields
  5290 | D:5      | Noticed Menkaure
  5300 | D:5      | Slain by Menkaure

Vault maps used:
D:1:      evilmike_arrival_crescent, nicolae_ashenzari_panopticon
D:2:      lemuel_blue_sif_altar, nicolae_ru_sacrificial_ziggurat,
          grunt_temple_overflow_open, ecumenical_altar_2
D:3:      cheibriados_altar_1, kennysheep_doodads
D:4:      yredelemnul_forgotten_temple_becter, first_bread,
          gup_sewer_entry_spiral, uniq_eustachio
D:5:      lemuel_round_altar, temple_green, serial_co_window_serial,
          co_window_of_opportunity_a, co_window_corner_a, co_window_paths_a,
          co_window_of_opportunity_a, co_window_corner_a, co_window_corner_a,
          co_window_unsneaky_path_e, co_window_cross_3, co_window_corner_b,
          co_window_unsneaky_path_b, co_window_2corner, co_window_2corner,
          glass_columns_c, glass_columns_b, uniq_menkaure
Sewer:    sewer_kobolds

Action                   |  1- 3 |  4- 6 |  7- 9 || total
-------------------------+-------+-------+-------++-------
Melee: Flail             |   122 |   283 |   141 ||   546
 Abil: Dig               |       |       |     1 ||     1
  Use: Scroll            |       |    11 |     3 ||    14
       Potion            |       |     6 |     1 ||     7
  Eat: Chunk             |     1 |     4 |     5 ||    10
       Meat ration       |       |     1 |       ||     1
